 Dungeon Crawl Stone Soup version 0.17-a0-2171-ga91b4ec (webtiles) character file.

81 septik the Digger (level 4, 0/24 HPs)
             Began as a Gargoyle Earth Elementalist on Oct 25, 2015.
             Slain by a gnoll
             ... wielding a +0 spear
              (6 damage)
             ... on level 2 of the Dungeon.
             The game lasted 00:11:28 (2740 turns).

septik the Digger (Gargoyle Earth Elementalist)     Turns: 2740, Time: 00:11:29

Health: 0/24       AC:  5    Str: 12    XL:     4   Next: 40%
Magic:  5/9        EV: 12    Int: 16    God:
Gold:   112        SH:  0    Dex: 10    Spells: 3 memorised, 3 levels left

rFire  . . .     SeeInvis .     a - 101 stones
rCold  . . .     Clarity  .     b - +0 robe
rNeg   + . .     SustAt   .     (no shield)
rPois  ∞         Gourm    .     (no helmet)
rElec  +         Spirit   .     (no cloak)
rCorr  .         Warding  .     (no gloves)
rMut   .         Stasis   .     (no boots)
MR     .....                    (no amulet)
Stlth  ++........               (no ring)
                                (no ring)

@: not resistant to hostile enchantments, unstealthy
A: negative energy resistance 1, electricity resistance, unbreathing,
petrification resistance, rot immunity, AC +3
a: no special abilities


You were on level 2 of the Dungeon.
You were hungry.

You visited 1 branch of the dungeon, and saw 3 of its levels.

You collected 112 gold pieces.

Inventory:

Hand Weapons
 e - a +0 club
 k - a +0 vampiric whip
Missiles
 a - 101 stones (in hand)
Armour
 b - a +0 robe (worn)
 t - a +0 robe
Jewellery
 g - an uncursed amulet of rage {unknown}
Scrolls
 f - a scroll of random uselessness {unknown}
 i - a scroll of amnesia {unknown}
 m - a scroll of enchant weapon {unknown}
 n - a scroll of remove curse {unknown}
 q - a scroll of blinking {unknown}
 r - 2 scrolls of identify {unknown}
Potions
 h - 2 potions of heal wounds {unknown}
 l - a potion of ambrosia {unknown}
 o - a potion of haste {unknown}
 s - a potion of curing {unknown}
Books
 c - a book of Geomancy

   Spells                             Type                      Level
   a - Sandblast                      Earth                        1
   b - Stoneskin                      Transmutation/Earth          2
   c - Passwall                       Transmutation/Earth          3
   d - Stone Arrow                    Conjuration/Earth            3
   e - Petrify                        Transmutation/Earth          4
   f - Lee's Rapid Deconstruction     Earth                        5
Comestibles
 d - 3 bread rations
 j - 2 meat rations
 p - a royal jelly


   Skills:
 - Level 1.5 Dodging
 - Level 2.1 Stealth
 * Level 3.4 Spellcasting
 + Level 1.2 Conjurations
 - Level 0.7 Transmutations
 + Level 4.4 Earth Magic


You had 3 spell levels left.
You knew the following spells:

 Your Spells              Type           Power        Failure   Level  Hunger
a - Sandblast             Erth           ###...       3%          1    None
b - Stoneskin             Trmt/Erth      ##......     12%         2    ##.....
c - Stone Arrow           Conj/Erth      ##....       17%         3    ###....


Dungeon Overview and Level Annotations

Branches:
Dungeon (3/15)

Altars:

Annotations:
D:3 exclusion: player ghost, teron's ghost, amateur KoIE


Innate Abilities, Weirdness & Mutations

You are resistant to torment.
Your stone body is resilient (AC +3).
You are immune to poison.
You resist negative energy.
You are resistant to electric shocks.
You can survive without breathing.
You are immune to petrification.
You are immune to rotting.


Message History

Aim: a quokka The rocky blast hits the quokka.
You kill the quokka!
Casting: Sandblast
Confirm with . or Enter, or press ? or * to list all spells.
Aiming: Sandblast
Press: ? - help, Shift-Dir - straight line, f - gnoll
Aim: a gnoll The rocky blast hits the gnoll.
The gnoll is heavily wounded.
The gnoll hits you but does no damage.
Casting: Sandblast
Confirm with . or Enter, or press ? or * to list all spells.
Aiming: Sandblast
Press: ? - help, Shift-Dir - straight line, f/p - gnoll
Aim: a gnoll (heavily wounded)
The rocky blast hits the gnoll.
You kill the gnoll!
The gnoll hits you from afar with a spear.
You die...

##### #...# #...# ##...# #
#....# # #....# #
##....#######################
#....>'...g†@...............'
#.#...#######################
#.#...# ####################
#.#...# #.........#........#
#.#...# #.........#........#
#)#...####.........#........#
#...........................#
#####.......................+
######..................#


You could see a gnoll.

Vanquished Creatures
  An adder (D:2)
  A gnoll (D:2)
  2 worms
  An orc (D:2)
  A giant cockroach (D:1)
  7 goblins
  3 hobgoblins
  8 jackals
  3 kobolds (D:1)
  A quokka (D:2)
  3 ball pythons
  9 bats
  2 giant geckos
  4 giant newts (D:1)
  8 rats
54 creatures vanquished.

Notes
Turn   | Place    | Note
--------------------------------------------------------------
     0 | D:1      | septik the Gargoyle Earth Elementalist began the quest for the Orb.
     0 | D:1      | Reached XP level 1. HP: 10/10 MP: 3/3
   422 | D:1      | Reached XP level 2. HP: 15/15 MP: 2/5
   962 | D:1      | Reached skill level 4 in Earth Magic
   978 | D:1      | Reached XP level 3. HP: 19/19 MP: 2/7
  1033 | D:1      | Learned a level 2 spell: Stoneskin
  1037 | D:1      | Learned a level 3 spell: Stone Arrow
  2397 | D:3      | Noticed teron's ghost (amateur KoIE)
  2468 | D:3      | Reached XP level 4. HP: 20/24 MP: 4/8
  2568 | D:2      | Reached skill level 1 in Conjurations
  2740 | D:2      | Slain by a gnoll

Vault maps used:
D:1:      nagdon_arrival_zigzag_paths
D:2:      first_bread, grunt_decor_fettered

Action                   |  1- 3 |  4- 6 || total
-------------------------+-------+-------++-------
Melee: Club              |    36 |     1 ||    37
 Cast: Sandblast         |    74 |    13 ||    87
  Eat: Chunk             |     5 |       ||     5
